 Dungeon Crawl Stone Soup version 0.29.1-14-g9c671dbff4 (webtiles) character file.

Game seed: 11490915352601226827

18 zlionsfan the Ruffian (level 2, -1/22 HPs)
             Began as a Palentonga Transmuter on Feb 18, 2023.
             Slain by a goblin
             ... wielding a +0 club
              (3 damage)
             ... on level 1 of the Dungeon.
             The game lasted 00:04:47 (263 turns).

zlionsfan the Ruffian (Palentonga Transmuter)        Turns: 263, Time: 00:04:48

Health: -1/22      AC:  4    Str: 15    XL:     2   Next: 51%
Magic:  5/5        EV:  9    Int: 13    God:
Gold:   20         SH:  0    Dex: 10    Spells: 4/5 levels left

rFire   . . .      SeeInvis +     - Unarmed
rCold   . . .      Faith    .   (no shield)
rNeg    . . .      Spirit   .   a - +0 robe
rPois   .          Reflect  .   (no helmet)
rElec   .          Harm     .   (no cloak)
rCorr   .          Rampage  .   (no gloves)
Will    .....                   (no barding)
Stlth   +.........              (no amulet)
HPRegen 0.07/turn               g - ring of flight
MPRegen 0.09/turn               (no ring)

@: flying
A: large, rugged brown scales 3, see invisible, deformed body, roll 1, armoured
tail
a: Rolling Charge


You were on level 1 of the Dungeon.
You visited 1 branch of the dungeon, and saw 1 of its levels.

You collected 20 gold pieces.

Inventory:

Armour
 a - a +0 robe (worn)
Jewellery
 g - a ring of flight (left hand)
Scrolls
 c - 3 scrolls of enchant armour {unknown}
 f - a scroll of fear {unknown}
Potions
 b - a potion of lignification
 d - a potion of might {unknown}
 e - a potion of curing {unknown}


   Skills:
 * Level 1.1 Fighting
 + Level 1.6 Dodging
 * Level 3.5 Unarmed Combat
 + Level 2.1 Spellcasting
 * Level 2.3 Transmutations


You had 4 spell levels left.
You knew the following spells:

 Your Spells              Type           Power      Damage    Failure   Level
a - Beastly Appendage     Tmut           14%        N/A       10%         1

Your spell library contained the following spells:

 Spells                   Type           Power      Damage    Failure   Level
 Wereblood                Tmut           7%         N/A       14%         2
 Spider Form              Tmut/Pois      4%         N/A       43%         3
 Ice Form                 Ice/Tmut       4%         N/A       83%         4


Dungeon Overview and Level Annotations

Branches:
Dungeon (1/15)

Altars:


Innate Abilities, Weirdness & Mutations

You are completely covered in rugged brown scales. (AC +3, +7% HP)
You have supernaturally acute eyesight. (SInv)
Armour fits poorly on your strangely shaped body.
You can roll at nearby foes to attack.
You have a long armoured tail.


Message History

You tear a large gash into the net.
The bat barely misses you. The goblin barely misses you.
The kobold hits you but does no damage.
You struggle against the net.
The bat completely misses you.
The kobold hits you with a +0 short sword.
The goblin hits you with a +0 club.
You rip the net and break free!
The kobold hits you with a +0 short sword.
The goblin misses you. The goblin hits you but does no damage.
Your magical contamination has completely faded away.
Okay, then.
You closely miss the kobold. The goblin completely misses you.
The kobold hits you but does no damage. The goblin closely misses you.
The kobold attacks as you move away! The kobold hits you but does no damage.
You hit the bat.
You kill the bat!
The kobold misses you. The goblin hits you with a +0 dagger.
The kobold attacks as you move away!
The kobold hits you with a +0 short sword.
The goblin attacks as you move away! The goblin hits you but does no damage.
The goblin barely misses you.
You closely miss the goblin. You tail-slap the goblin.
You kill the goblin!
The goblin hits you with a +0 club.
You miss the goblin.
The goblin is heavily wounded.
You closely miss the kobold. You tail-slap the kobold.
You kill the kobold!
The goblin closely misses you.
You closely miss the goblin.
The goblin is heavily wounded.
The goblin hits you with a +0 club.
* * * LOW HITPOINT WARNING * * *
You barely miss the goblin.
The goblin is heavily wounded.
The goblin hits you with a +0 club.
* * * LOW HITPOINT WARNING * * *
You closely miss the goblin.
The goblin is heavily wounded.
The goblin hits you with a +0 club.
You die...

#....#### #....>..#
..# #.....### ....
#......## ...####
#.......### .......
#.........## ......
#..........# ##....#
######.....####...#.#
#.......@g.....#
###......)...#.#
#...######..!...
#...### ..#.( ###.).#
.# ###)#### # #....#
####.#### #....##


You could see a goblin.

Vanquished Creatures
  A ball python (D:1)
  An endoplasm (D:1)
  2 goblins (D:1)
  2 hobgoblins (D:1)
  2 jackals (D:1)
  2 bats (D:1)
  2 frilled lizards (D:1)
  3 kobolds (D:1)
  2 rats (D:1)
17 creatures vanquished.

Notes
Turn   | Place    | Note
-------+----------+-------------------------------------------
     0 | D:1      | zlionsfan the Palentonga Transmuter began the quest for the
                  | Orb.
     0 | D:1      | Reached XP level 1. HP: 16/16 MP: 3/3
    15 | D:1      | Found a faded altar of an unknown god.
   188 | D:1      | Reached XP level 2. HP: 22/22 MP: 5/5
   263 | D:1      | Slain by a goblin

Illustrated notes

Levels and vault maps discovered:
D:1:      minmay_arrival_cross, layout_basic, basic_ecumenical_altar,
          minmay_octomino_c4

Action                   || total
-------------------------++-------
Melee: Unarmed           ||    54
       Tailslap          ||     7
       Headbutt          ||     3
       Kick              ||     1
 Cast: Beastly Appendage ||     2
 Abil: Rolling Charge    ||     2
Armor: Robe              ||    21
Dodge: Dodged            ||    36
